 Dungeon Crawl Stone Soup version 0.29-a0-993-g4a18f31a58 (webtiles) character file.

Game seed: 2445964487917455972

121 pascalblue the Grave Robber (level 4, 0/24 HPs)
             Began as a Deep Elf Necromancer on Aug 2, 2022.
             Slain by an orc wizard
             ... wielding a +0 dagger
              (1 damage)
             ... on level 4 of the Dungeon.
             The game lasted 00:08:21 (2843 turns).

pascalblue the Grave Robber (Deep Elf Necromancer)  Turns: 2843, Time: 00:08:22

Health: 0/24       AC:  3    Str:  5    XL:     4   Next: 76%
Magic:  5/11       EV: 13    Int: 22    God:
Gold:   119        SH:  0    Dex: 21    Spells: 2/10 levels left

rFire   . . .      SeeInvis .   f - +2 whip (elec)
rCold   . . .      Faith    .   (no shield)
rNeg    . . .      Spirit   .   a - +0 robe
rPois   .          Reflect  .   (no helmet)
rElec   .          Harm     .   i - +0 cloak
rCorr   .          Rampage  .   (no gloves)
Will    .....                   (no boots)
Stlth   +++.......              (no amulet)
HPRegen 0.08/turn               d - +6 ring of dexterity
MPRegen 0.12/turn               (no ring)

@: no status effects
A: no striking features
a: no special abilities


You were on level 4 of the Dungeon.
You visited 1 branch of the dungeon, and saw 4 of its levels.

You collected 119 gold pieces.

Inventory:

Hand Weapons
 f - a +2 whip of electrocution (weapon)
Missiles
 h - 4 curare-tipped darts
 m - 3 datura-tipped darts
Armour
 a - a +0 robe (worn)
 i - a +0 cloak (worn)
Jewellery
 d - a +6 ring of dexterity (left hand)
Scrolls
 l - 3 scrolls of fear
 n - a scroll of enchant armour {unknown}
 o - a scroll of magic mapping
Potions
 b - a potion of magic
 c - a potion of heal wounds
 e - a potion of flight {unknown}
 g - a potion of curing {unknown}
 j - a potion of haste {unknown}
 k - a potion of attraction {unknown}
 p - a potion of might {unknown}


   Skills:
 + Level 2.8 Dodging
 - Level 3.0 Stealth
 + Level 3.6 Spellcasting
 * Level 6.6 Necromancy
 + Level 0.9 Ice Magic


You had 2 spell levels left.
You knew the following spells:

 Your Spells              Type           Power      Damage    Failure   Level
a - Necrotise             Necr           100%       1d9       1%          1
b - Vampiric Draining     Necr           33%        2d8       2%          3
c - Ozocubu's Armour      Ice            8%         N/A       24%         3
d - Magic Dart            Conj           16%        1d3       12%         1

Your spell library contained the following spells:

 Spells                   Type           Power      Damage    Failure   Level
 Shock                    Conj/Air       16%        1d4       12%         1
 Searing Ray              Conj           8%         2d4       17%         2
 Animate Dead             Necr           33%        N/A       8%          4
 Agony                    Necr           33%        N/A       21%         5
 Swiftness                Air            4%         N/A       34%         3
 Airstrike                Air            2%         2d(1-17)  75%         4
 Fulminant Prism          Conj/Hex       2%         3d6       75%         4
 Metabolic Englaciation   Hex/Ice        3%         N/A       95%         5
 Simulacrum               Ice/Necr       10%        N/A       98%         6


Dungeon Overview and Level Annotations

Branches:
Dungeon (4/15)
 Temple: D:4-7

Altars:
Yredelemnul


Message History

Aiming: Necrotise (safe; 1% risk of failure)
Press: ? - help, Shift-Dir - straight line, f/p - orc wizard
Aim: an orc wizard, wielding a +0 dagger and wearing a +0 robe (chance to affect: 83%)
The orc wizard barely resists.
The orc wizard mumbles some strange words.
The orc wizard flickers and vanishes!
Deactivating autopickup; reactivate with Ctrl-A.
Casting: Necrotise (safe; 1% risk of failure)
Confirm with . or Enter, or press ? or * to list all spells.
Aiming: Necrotise (safe; 1% risk of failure)
Press: ? - help, Shift-Dir - straight line, f - orc
Aim: an orc, wielding a +0 trident (chance to affect: 93%) Nothing appears to happen.
Something hits you but does no damage.
Casting: Necrotise (safe; 1% risk of failure)
Confirm with . or Enter, or press ? or * to list all spells.
Aiming: Necrotise (safe; 1% risk of failure)
Press: ? - help, Shift-Dir - straight line, f/p - orc
Aim: an orc, wielding a +0 trident (chance to affect: 93%)
Something writhes in agony.
The orc hits you from afar with a +0 trident.
Something hits you.
Casting: Necrotise (safe; 1% risk of failure)
Confirm with . or Enter, or press ? or * to list all spells.
Aiming: Necrotise (safe; 1% risk of failure)
Press: ? - help, Shift-Dir - straight line, f/p - orc
Aim: an orc, wielding a +0 trident (chance to affect: 93%)
Something writhes in agony!
The orc closely misses you.
You hear some strange, mumbled words.
A magic dart appears from out of thin air!
The magic dart hits you!
Casting: Necrotise (safe; 1% risk of failure)
Confirm with . or Enter, or press ? or * to list all spells.
Aiming: Necrotise (safe; 1% risk of failure)
Press: ? - help, Shift-Dir - straight line, f/p - orc
Aim: an orc, wielding a +0 trident (chance to affect: 93%)
Something writhes in agony.
The orc hits you from afar with a +0 trident!
* * * LOW HITPOINT WARNING * * *
Something hits you.
You die...

### ### ##.#######
##.## ##......@.#
##(.>###......##{#
#.....##.#.##.# o#
##...###.#.##.# o#
####.####.#.##.#
o#
............##.#
.#
####.####.####.#
.. ##'## #.# #..
#. ##...###.# #..


You could see 3 orcs.

Vanquished Creatures
  Terence (D:3)
  A gnoll (D:1)
  An adder (D:3)
  A worm (D:2)
  An orc (D:3)
  7 ball pythons
  5 endoplasms
  2 giant cockroaches
  3 goblins
  6 hobgoblins
  11 jackals
  2 quokkas
  6 bats
  2 frilled lizards
  5 kobolds
  4 rats
58 creatures vanquished.

Vanquished Creatures (collateral kills)
  An endoplasm (D:1)
  3 goblins
  A frilled lizard (D:2)
5 creatures vanquished.

Grand Total: 63 creatures vanquished

Notes
Turn   | Place    | Note
-------+----------+-------------------------------------------
     0 | D:1      | pascalblue the Deep Elf Necromancer began the quest for the
                  | Orb.
     0 | D:1      | Reached XP level 1. HP: 10/10 MP: 6/6
    44 | D:1      | Reached skill level 5 in Necromancy
   277 | D:1      | Reached XP level 2. HP: 15/15 MP: 6/8
   620 | D:1      | Found a faded altar of an unknown god.
   796 | D:1      | Reached skill level 6 in Necromancy
   796 | D:1      | Reached XP level 3. HP: 19/19 MP: 5/9
  1226 | D:2      | Learned a level 3 spell: Vampiric Draining
  1230 | D:2      | Learned a level 3 spell: Ozocubu's Armour
  1347 | D:2      | Learned a level 1 spell: Magic Dart
  2001 | D:3      | Reached XP level 4. HP: 24/24 MP: 9/11
  2057 | D:3      | Found a basalt altar of Yredelemnul.
  2368 | D:3      | Noticed Terence
  2377 | D:3      | Killed Terence
  2843 | D:4      | HP: 1/24 [orc/+0 trident (7)]
  2843 | D:4      | Slain by an orc wizard

Illustrated notes

Levels and vault maps discovered:
D:1:      mrwooster_arrival_statue_3, layout_basic,
          shapermc_ecumenical_altar_mp_vishouse
D:2:      layout_loops_cross, kennysheep_generic_room_3
D:3:      layout_loops_ring, mainiacjoe_overflow_six_doors_small,
          dk_noncrumbling_4, uniq_terence
D:4:      layout_loops_corners, minmay_statues_item, uniq_pikel

Skill      XL: |  1  2  3  4 |
---------------+-------------+-----
Necromancy     | 5 6 |  6.6
Stealth        | 3 |  3.0
Dodging        | |  2.8
Spellcasting   | |  3.6
Ice Magic      | |  0.9

Action                   |  1- 3 |  4- 6 || total
-------------------------+-------+-------++-------
Melee: Unarmed           |     4 |       ||     4
       Whip              |     1 |     2 ||     3
 Cast: Necrotise         |    74 |    33 ||   107
       Magic Dart        |     3 |       ||     3
  Use: Scroll            |     4 |       ||     4
Armor: Robe              |     4 |     3 ||     7
Dodge: Dodged            |     9 |    10 ||    19

Table legend: (Time is in decaauts)
 A = Elapsed time spent in this place.
 B = Non-inter-level travel time spent in this place.
 C = Inter-level travel time spent in this place.
 D = Time resting spent in this place.
 E = Time spent auto-exploring this place.
 F = Levels seen in this place.
 G = Mean time per level.
                   A        B        C        D        E       F      G
               +--------+--------+--------+--------+--------+-----+--------+
         Total |   2841 |   2794 |     47 |      0 |   2382 |   4 |  710.2 |
       Dungeon |   2841 |   2794 |     47 |      0 |   2382 |   4 |  710.2 |
               +--------+--------+--------+--------+--------+-----+--------+

Top non-repeatable levels by time:
     D:1: 1160 daAuts
     D:2: 806 daAuts
     D:3: 784 daAuts
     D:4: 89 daAuts
